 Dungeon Crawl Stone Soup version 0.28.0 (webtiles) character file.

Game seed: 3599533229412197437

23 Morbidden the Conjurer (level 2, -2/20 HPs)
             Began as a Demonspawn Conjurer on Feb 15, 2022.
             Slain by a goblin (5 damage)
             ... led by Robin
             ... on level 2 of the Dungeon.
             The game lasted 00:00:58 (1075 turns).

Morbidden the Conjurer (Demonspawn Conjurer)        Turns: 1075, Time: 00:00:59

Health: -2/20      AC:  2    Str:  7    XL:     2   Next: 72%
Magic:  1/5        EV: 12    Int: 19    God:
Gold:   28         SH:  0    Dex: 11    Spells: 2/5 levels left

rFire   . . .      SeeInvis .   c - +0 dagger
rCold   . . .      Faith    .   (no shield)
rNeg    . . .      Spirit   .   a - +0 robe
rPois   .          Reflect  .   (no helmet)
rElec   .          Harm     .   (no cloak)
rCorr   .          Rampage  .   (no gloves)
Will    .....                   (no boots)
Stlth   ++........              (no amulet)
HPRegen 0.06/turn               (no ring)
MPRegen 0.09/turn               (no ring)

@: no status effects
A: powered by pain 1
a: no special abilities


You were on level 2 of the Dungeon.
You visited 1 branch of the dungeon, and saw 2 of its levels.

You collected 28 gold pieces.

Inventory:

Hand Weapons
 c - a +0 dagger (weapon)
Armour
 a - a +0 robe (worn)
Scrolls
 b - a scroll of enchant armour {unknown}
 d - a scroll of teleportation {unknown}
 e - a scroll of identify {unknown}


   Skills:
 * Level 0.5 Fighting
 + Level 1.7 Dodging
 + Level 1.8 Stealth
 * Level 2.2 Spellcasting
 * Level 4.5 Conjurations


You had 2 spell levels left.
You knew the following spells:

 Your Spells              Type           Power      Damage    Failure   Level
a - Magic Dart            Conj           76%        1d6       2%          1
b - Searing Ray           Conj           38%        2d5       3%          2

Your spell library contained the following spells:

 Spells                   Type           Power      Damage    Failure   Level
 Dazzling Flash           Conj/Hex       20%        N/A       19%         3
 Ozocubu's Armour         Ice            2%         N/A       45%         3
 Fulminant Prism          Conj/Hex       5%         3d7       54%         4
 Iskenderun's Mystic Bla  Conj/Tloc      10%        2d4       54%         4
 Ozocubu's Refrigeration  Ice            1%         4d5       100%        7


Dungeon Overview and Level Annotations

Branches:
Dungeon (1/15)

Altars:

Annotations:
D:2 Robin


Innate Abilities, Weirdness & Mutations

You sometimes gain a little power by taking damage.


Message History

You don't know that spell.
Unknown command.
A goblin comes into view. It is wielding a +0 dagger.
Robin throws the goblin at you!
Unknown command.
Casting: Magic Dart (safe; 2% risk of failure)
Confirm with . or Enter, or press ? or * to list all spells.
You don't have enough magic to cast this spell.
Unknown command.
Casting: Magic Dart (safe; 2% risk of failure)
Confirm with . or Enter, or press ? or * to list all spells.
Aiming: Magic Dart (safe; 2% risk of failure)
Press: ? - help, Shift-Dir - straight line, f - goblin
Aim: a goblin, wielding a +0 dagger (wandering, hasn't noticed you, 100% to hit)
The magic dart hits the goblin.
You kill the goblin!
The goblin shouts!
You hear a shout! x2
Robin roars a battlecry!
The goblins go into a battle-frenzy!
The goblin closely misses you.
Casting: Magic Dart (safe; 2% risk of failure)
Confirm with . or Enter, or press ? or * to list all spells.
You don't have enough magic to cast this spell.
You hit the goblin but do no damage.
A goblin comes into view. It is wielding a +0 club.
The goblin barely misses you. Robin throws the goblin at you!
The goblin hits you with a +0 dagger.
You hit the goblin.
The goblin is severely wounded.
The goblin closely misses you. The goblin barely misses you.
You hit the goblin but do no damage.
The goblin is severely wounded.
The goblin hits you with a +0 club. The goblin hits you with a +0 dagger.
* * * LOW HITPOINT WARNING * * *
The goblin hits you with a +0 dagger.
* * * LOW HITPOINT WARNING * * *
Unknown command.
You are too injured to fight recklessly!
The goblin hits you with a +0 dagger.
You die...

###########
#...†.....#
#.........#
+.........#
#..†......##
#.......g@.#
#......gg..#
#...†.........
#...............
#................
#...g.............
8........!........
.##.#+###.......


You could see Robin and 3 goblins.

Vanquished Creatures
  A dart slug (D:1)
  4 ball pythons
  2 endoplasms (D:1)
  2 giant cockroaches
  2 goblins
  2 hobgoblins
  A kobold (D:1)
  A quokka (D:1)
  A bat (D:2)
  2 frilled lizards
  2 rats
20 creatures vanquished.

Notes
Turn   | Place    | Note
-------+----------+-------------------------------------------
     0 | D:1      | Morbidden the Demonspawn Conjurer began the quest for the
                  | Orb.
     0 | D:1      | Reached XP level 1. HP: 13/13 MP: 3/3
   373 | D:1      | Gained mutation: You sometimes gain a little power by
                  | taking damage. [demonic ancestry]
   373 | D:1      | Reached XP level 2. HP: 20/20 MP: 0/5
   968 | D:1      | You fall into a shaft and drop 1 floor!
  1068 | D:2      | Noticed Robin
  1069 | D:2      | Learned a level 2 spell: Searing Ray
  1075 | D:2      | Slain by a goblin

Illustrated notes

Levels and vault maps discovered:
D:1:      dpeg_arrival_more_subterranean_lakeside_camping, layout_rooms
D:2:      kennysheep_the_goblin_king, layout_basic,
          ebering_ecumenical_altar_petrified, basic_altar, grunt_ministairs_13,
          minmay_tetromino_s2, uniq_sigmund, uniq_robin

Action                   || total
-------------------------++-------
Melee: Dagger            ||    22
       Unarmed           ||     1
 Cast: Magic Dart        ||    35
 Stab: Sleeping          ||     1
Armor: Robe              ||     2
Dodge: Dodged            ||    17
